 Dungeon Crawl Stone Soup version 0.28.0-45-g0d030f2227 (webtiles) character file.

Game seed: 16697102318897598087

698 KamiKatze the Conjurer (level 7, 0/41 HPs)
             Began as an Octopode Conjurer on Mar 31, 2022.
             Shot with an arrow by a centaur (9 damage)
             ... while paralysed by Grinder
             ... on level 5 of the Dungeon.
             The game lasted 00:19:53 (5488 turns).

KamiKatze the Conjurer (Octopode Conjurer)          Turns: 5488, Time: 00:19:54

Health: 0/41       AC:  1    Str:  6    XL:     7   Next: 65%
Magic:  13/13      EV:  2    Int: 22    God:
Gold:   231        SH:  0    Dex: 11    Spells: 3/14 levels left

rFire   + . .      SeeInvis .   p - staff of conjuration
rCold   . . .      Faith    .   (no shield)
rNeg    . . .      Spirit   .   (helmet restricted)
rPois   .          Reflect  .   (no amulet)
rElec   .          Harm     .   f - ring of protection from fire
rCorr   .          Rampage  .   (no ring)
Will    .....                   (no ring)
Stlth   +++.......              (no ring)
HPRegen 0.13/turn               (no ring)
MPRegen 0.13/turn               (no ring)
                                (no ring)
                                (no ring)

@: paralysed
A: almost no armour, amphibious, 8 rings, camouflage 1, gelatinous body 1,
(nimble swimmer 1), tentacles
a: no special abilities


You were on level 5 of the Dungeon.
You visited 1 branch of the dungeon, and saw 5 of its levels.

You collected 231 gold pieces.

Inventory:

Hand Weapons
 b - a +2 dagger of speed
 h - a +3 short sword
Missiles
 d - 137 stones (quivered)
Magical Staves
 i - a staff of air
 p - a staff of conjuration (weapon)
Jewellery
 f - a ring of protection from fire (left tentacle)
 r - an amulet of guardian spirit
 s - a ring of protection from fire
Scrolls
 a - 2 scrolls of identify {unknown}
 c - a scroll of acquirement {unknown}
 j - 3 scrolls of teleportation {unknown}
 o - a scroll of amnesia {unknown}
Potions
 e - 2 potions of mutation {unknown}
 g - a potion of haste {unknown}
 k - a potion of degeneration {unknown}
 l - a potion of resistance {unknown}
 m - a potion of berserk rage {unknown}
 n - 2 potions of might {unknown}
 q - a potion of heal wounds {unknown}


   Skills:
 - Level 3.0 Dodging
 - Level 4.0 Stealth
 * Level 4.2 Spellcasting
 * Level 5.6 Conjurations
 * Level 3.2 Hexes
 * Level 3.1 Translocations


You had 3 spell levels left.
You knew the following spells:

 Your Spells              Type           Power      Damage    Failure   Level
a - Magic Dart            Conj           100%       1d8       1%          1
b - Searing Ray           Conj           88%        2d7       1%          2
c - Fulminant Prism       Conj/Hex       18%        3d11      19%         4
d - Iskenderun's Mystic   Conj/Tloc      35%        2d8       19%         4

Your spell library contained the following spells:

 Spells                   Type           Power      Damage    Failure   Level
 Slow                     Hex            72%        N/A       3%          1
 Dazzling Flash           Conj/Hex       72%        N/A       5%          3
 Confusing Touch          Hex            18%        N/A       9%          3
 Animate Skeleton         Necr           8%         N/A       11%         1
 Pain                     Necr           16%        1d4       11%         1
 Vampiric Draining        Necr           4%         2d6       32%         3


Dungeon Overview and Level Annotations

Branches:
Dungeon (5/15)
 Temple: D:4-7

Altars:
Trog

Shops:
D:4 *

Annotations:
D:3 1 runed translucent door, exclusion: door, doomsgape's ghost, amateur DEAM
D:5 exclusion: centaur, Grinder


Innate Abilities, Weirdness & Mutations

You cannot wear most types of armour.
You are amphibious.
You can wear up to eight rings at the same time.
Your skin changes colour to match your surroundings (Stealth+).
Your rubbery body absorbs attacks. (AC +1, EV +1)
((You are camouflaged when in or above water. (Stealth+)))
You have tentacles for arms and can constrict up to eight enemies at once.


Message History

You see here a +0 dagger.
s - a ring of protection from fire You now have 216 gold pieces (gained 19).
Things that are here:
a +0 war axe; a +0 ring mail; a goblin corpse You see here a +0 mace.
You now have 231 gold pieces (gained 15).
Done exploring.
Done exploring.
Saving game... please wait.
Welcome back, KamiKatze the Octopode Conjurer.
Press ? for a list of commands and other information.
You see here a +0 long sword.
You see here a +0 robe.
You see here a +0 mace.
Things that are here:
a +0 ring mail; a +0 war axe; a goblin corpse
There is a stone staircase leading down here.
You climb downwards.
Found an orange potion.
There is a stone staircase leading up here.
Unknown command.
Press: ? - help, v - describe, . - travel
Here: a centaur, quivering arrows (asleep)
The floor.
Placed new exclusion.
Grinder shouts!
Grinder gestures at you.
You suddenly lose the ability to move!
The centaur shouts!
The centaur wields a +0 shortbow.
The centaur shoots an arrow.
The arrow hits you.
The centaur shoots an arrow.
The arrow hits you! Grinder gestures at you.
You resist with significant effort.
The centaur shoots an arrow.
The arrow hits you!
* * * LOW HITPOINT WARNING * * *
The centaur shoots an arrow.
The arrow hits you.
* * * LOW HITPOINT WARNING * * *
The centaur shoots an arrow.
The arrow hits you!
You die...

# ##### .#
##...####.## #
....#.#....
##.##...#......
#..............
...............
#@.......
.^.............
##.........#...
...........# .
##..5........
#......#.##..
........... .!.
...c.#.###.. #.


You could see Grinder and a centaur.

Vanquished Creatures
  Sigmund (D:2)
  Edmund (D:4)
  A black bear (D:3)
  An ogre (D:2)
  A hound (D:4)
  An orc priest (D:4)
  Terence (D:3)
  A hound skeleton (D:4)
  8 adders
  5 dart slugs
  5 orcs (D:4)
  6 endoplasms
  2 giant cockroaches (D:1)
  7 goblins
  8 hobgoblins
  2 quokkas
  11 ball pythons
  7 bats
  A frilled lizard (D:2)
  7 kobolds
  7 rats
84 creatures vanquished.

Vanquished Creatures (others)
  A fulminant prism (D:4)
  26 plants (D:2)
27 creatures vanquished.

Grand Total: 111 creatures vanquished

Notes
Turn   | Place    | Note
-------+----------+-------------------------------------------
     0 | D:1      | KamiKatze the Octopode Conjurer began the quest for the
                  | Orb.
     0 | D:1      | Reached XP level 1. HP: 11/11 MP: 3/3
   226 | D:1      | Reached XP level 2. HP: 17/17 MP: 0/5
   230 | D:1      | Learned a level 2 spell: Searing Ray
   814 | D:1      | Reached XP level 3. HP: 17/21 MP: 0/6
  1229 | D:2      | Noticed an ogre
  1519 | D:2      | Reached XP level 4. HP: 13/27 MP: 0/8
  1524 | D:2      | Learned a level 4 spell: Fulminant Prism
  1878 | D:2      | Found a faded altar of an unknown god.
  2043 | D:2      | Noticed Sigmund
  2245 | D:3      | Found a runed translucent door.
  2246 | D:3      | Noticed doomsgape's ghost (amateur DEAM)
  2299 | D:2      | Reached skill level 1 in Hexes
  2312 | D:3      | Found a bloodstained altar of Trog.
  2330 | D:3      | Noticed Terence
  2525 | D:3      | Reached skill level 1 in Translocations
  2664 | D:3      | Noticed a black bear
  2995 | D:3      | Reached XP level 5. HP: 31/31 MP: 5/9
  3331 | D:3      | Killed Terence
  3414 | D:3      | Killed a black bear
  3415 | D:3      | Reached XP level 6. HP: 36/36 MP: 4/11
  3522 | D:2      | Learned a level 4 spell: Iskenderun's Mystic Blast
  3907 | D:2      | Killed Sigmund
  3908 | D:2      | Reached skill level 5 in Conjurations
  4043 | D:2      | Reached XP level 7. HP: 11/41 MP: 4/12
  4559 | D:4      | Noticed Edmund
  4641 | D:4      | Found Etagau's Eclectic Emporium.
  5073 | D:4      | Killed Edmund
  5483 | D:5      | Entered Level 5 of the Dungeon
  5483 | D:5      | Noticed Grinder
  5484 | D:5      | Paralysed by Grinder for 7 turns
  5488 | D:5      | Shot with an arrow by a centaur

Illustrated notes

Levels and vault maps discovered:
D:1:      eino_arrival_cavern_e, layout_basic
D:2:      layout_basic, serial_forest, infiniplex_forest_join,
          infiniplex_forest_end_2, infiniplex_forest_end_2,
          infiniplex_forest_lined_3, infiniplex_forest_corner_1,
          infiniplex_forest_lined_2, infiniplex_forest_split,
          infiniplex_forest_straight_2, hellmonk_ecumenical_altar_lost_god,
          serial_bayou_ford_a, serial_bayou_lagoon_b, uniq_sigmund
D:3:      layout_loops_ring, ebering_ghost_inner_flame, kennysheep_flooded_box,
          uniq_terence
D:4:      layout_layer_cave, nicolae_alphabet_shops, uniq_edmund
D:5:      layout_basic, hangedman_decor_riveting, uniq_grinder

Skill      XL: |  1  2  3  4  5  6  7 |
---------------+----------------------+-----
Stealth        | 3 4 |  4.0
Hexes          | 1 2 3 |  3.2
Translocations | 1 2 3 |  3.1
Spellcasting   | 3 4 |  4.2
Conjurations   | 5 |  5.6
Dodging        | 3 |  3.0

Action                   |  1- 3 |  4- 6 |  7- 9 || total
-------------------------+-------+-------+-------++-------
Melee: Dagger            |     2 |       |       ||     2
       Constrict         |     1 |       |       ||     1
       Staff             |     3 |       |       ||     3
       Short sword       |     2 |       |       ||     2
 Cast: Magic Dart        |    74 |    45 |    21 ||   140
       Searing Ray       |     2 |    12 |     8 ||    22
       Fulminant Prism   |       |       |     1 ||     1
Dodge: Dodged            |    20 |     4 |     3 ||    27
